 Dungeon Crawl Stone Soup version 0.23.0-3-gf3c87f2 (webtiles) character file.

Game seed: 14318052778718844788

2397 SeriousVitamin the Arsonist (level 9, -2/45 HPs)
             Began as a Deep Elf Fire Elementalist on Feb 23, 2019.
             Was a Believer of Sif Muna.
             Slain by a sixfirhy (12 damage)
             ... summoned by a kobold demonologist
             ... on level 7 of the Dungeon.
             The game lasted 00:14:31 (6572 turns).

SeriousVitamin the Arsonist (DEFE)                  Turns: 6572, Time: 00:14:32

Health: -2/45      AC:  5    Str:  7    XL:     9   Next: 22%
Magic:  10/22      EV: 12    Int: 22    God:    Sif Muna [**....]
Gold:   188        SH:  5    Dex: 15    Spells: 15/23 levels left

rFire    + . .     SeeInvis +   t - +4 mace (crush)
rCold    . . .     Gourm    .   h - +2 buckler
rNeg     . . .     Faith    .   k - +1 robe of Zaig {Regen+}
rPois    .         Spirit   .   (no helmet)
rElec    .         Reflect  .   r - +1 cloak {MR+}
rCorr    .         Harm     .   (no gloves)
MR       +....                  (no boots)
Stlth    ++........             (no amulet)
HPRegen  0.55/turn              A - ring of protection from fire
MPRegen  0.18/turn              z - ring of see invisible

@: no status effects
A: no striking features
a: Divine Energy, Renounce Religion


You were on level 7 of the Dungeon.
You worshipped Sif Muna.
Sif Muna was pleased with you.
You were not hungry.

You visited 1 branch of the dungeon, and saw 7 of its levels.

You collected 353 gold pieces.
You spent 165 gold pieces at shops.

Inventory:

Hand Weapons
 t - a +4 mace of crushing (weapon)
Armour
 h - a +2 buckler (worn)
 k - the +1 robe of Zaig (worn) {Regen+}
   (You bought it in a shop on level 6 of the Dungeon)

   It increases your rate of regeneration.
 r - a +1 cloak of magic resistance (worn)
Jewellery
 z - a ring of see invisible (right hand)
 A - a ring of protection from fire (left hand)
Wands
 a - a wand of iceblast (10)
 x - a wand of flame (37)
Scrolls
 b - 3 scrolls of amnesia
 f - 3 scrolls of remove curse
 j - a scroll of blinking {unknown}
 n - a scroll of immolation {unknown}
 p - a scroll of noise {unknown}
 q - a scroll of fog {unknown}
 u - 3 scrolls of teleportation {unknown}
 y - 2 scrolls of enchant armour {unknown}
 C - a scroll of magic mapping {unknown}
Potions
 d - a potion of degeneration
 e - 3 potions of curing
 g - a potion of ambrosia
 i - 2 potions of flight
 l - a potion of heal wounds
 m - a potion of might
 o - 3 potions of mutation
 s - 2 potions of lignification {unknown}
 v - a potion of haste {unknown}
 w - 2 potions of agility
Comestibles
 c - 11 rations
 B - 2 chunks of flesh


   Skills:
 - Level 2.4 Dodging
 - Level 2.4 Stealth
 + Level 7.5 Spellcasting
 * Level 8.3 Conjurations
 * Level 9.0 Fire Magic
 + Level 3.5 Invocations


You had 15 spell levels left.
You knew the following spells:

 Your Spells              Type           Power        Failure   Level  Hunger
a - Flame Tongue          Conj/Fire      #####        1%          1    None
c - Conjure Flame         Conj/Fire      #####...     1%          3    None
e - Sticky Flame          Conj/Fire      #####...     3%          4    ###....

Your spell library contained the following spells:

 Spells                   Type           Power        Failure   Level  Hunger
 Throw Flame              Conj/Fire      #####.       1%          2    None
 Inner Flame              Hex/Fire       ####....     6%          3    None
 Fireball                 Conj/Fire      #####.....   11%         5    #####..


Dungeon Overview and Level Annotations

Branches:
Dungeon (7/15)             Temple (0/1) D:5

Altars:
Elyvilon
Makhleb
Ru
Sif Muna
Vehumet
Xom
Zin

Shops:
D:6 ([[

Annotations:
D:3 2 transporters, Lanoc's ghost, amateur OpBe


Message History

You destroy the centaur skeleton!
Sif Muna accepts your kill.
Your Fire Magic skill increases to level 9!
You start resting.
The sixfirhy hits you. The sixfirhy shocks you!
The sixfirhy closely misses you. The sixfirhy hits you.
The sixfirhy shocks you! You block the sixfirhy's attack.
The sixfirhy hits you but does no damage.
Okay, then.
There is an open door here.
Casting: Flame Tongue (safe; 1% risk of failure)
Confirm with . or Enter, or press ? or * to list all spells.
Aiming: Conjure Flame (safe; 1% risk of failure)
Press: ? - help, Dir - move target cursor The fire ignites!
The sixfirhy is engulfed in blazing flames.
The sixfirhy hits you!
* * * LOW HITPOINT WARNING * * *
The sixfirhy shocks you!
You die...

#.............##
##..............#
##...............#
##...............##
##
..................#
#.#
#+#####+#####+###.#
#..## #..
##.#.##.##....##
..####)#.#3#.#......#
#$#.'.#.#.@.#.......
##5.#.#.#.#.........
#...####.##.........
#K### +###.........
#3sS# #.........
#5)[. #.........
+..#.. +......... #..
:=# #......... #.#
.}# #.........


You could see a sixfirhy.

Vanquished Creatures
  A hippogriff (D:7)
  Sigmund (D:3)
  A hungry ghost (D:7)
  Menkaure (D:6)
  Duvessa (D:5)
  An orc warrior (D:7)
  A sky beast (D:3)
  An ogre (D:4)
  2 phantoms
  A necrophage (D:6)
  Blork the orc (D:4)
  2 bullfrogs (D:7)
  Dowan (D:5)
  A scorpion (D:5)
  A howler monkey (D:6)
  3 crimson imps
  2 jellies (D:5)
  Crazy Yiuf (D:3)
  A hound (D:5)
  An orc priest (D:5)
  A bullfrog skeleton (D:5)
  A centaur skeleton (D:7)
  An orc wizard (D:5)
  An iguana (D:4)
  Natasha (thrice) (D:4)
  Terence (D:2)
  3 worker ants
  8 gnolls
  9 adders
  A shadow imp (D:5)
  An ooze (D:1)
  3 adder skeletons
  2 dart slugs (D:2)
  4 worms
  4 leopard geckos
  11 orcs
  2 giant cockroaches
  6 goblins
  14 hobgoblins
  6 jackals
  8 kobolds
  5 quokkas
  A ball python (D:6)
  4 bats
  6 frilled lizards
  A leopard gecko skeleton (D:5)
  12 rats
144 creatures vanquished.

Notes
Turn   | Place    | Note
-------+----------+-------------------------------------------
     0 | D:1      | SeriousVitamin the Deep Elf Fire Elementalist began the
                  | quest for the Orb.
     0 | D:1      | Reached XP level 1. HP: 10/10 MP: 6/6
    80 | D:1      | Reached XP level 2. HP: 12/15 MP: 1/8
   742 | D:2      | Reached XP level 3. HP: 19/19 MP: 3/9
   862 | D:2      | Found a faded altar of an unknown god.
   868 | D:2      | Reached skill level 4 in Fire Magic
  1284 | D:2      | Noticed Terence
  1299 | D:2      | Killed Terence
  1299 | D:2      | Reached XP level 4. HP: 15/24 MP: 1/11
  1722 | D:2      | Reached XP level 5. HP: 12/28 MP: 6/13
  2463 | D:3      | Found a shimmering altar of Xom.
  2523 | D:3      | Reached skill level 5 in Fire Magic
  2539 | D:3      | Found a burning altar of Makhleb.
  2541 | D:3      | Noticed a blizzard demon
  2680 | D:3      | Noticed Lanoc's ghost (amateur OpBe)
  2681 | D:3      | Found a transporter.
  2684 | D:3      | Identified the +9 great mace of Invincibility {drain, +Fly}
  2684 | D:3      | Noticed an ogre
  2685 | D:3      | Found a transporter.
  2690 | D:3      | Learned a level 3 spell: Conjure Flame
  2695 | D:3      | Learned a level 4 spell: Sticky Flame
  2874 | D:3      | Noticed a sky beast
  2890 | D:3      | Killed a sky beast
  2890 | D:3      | Reached XP level 6. HP: 7/32 MP: 1/15
  3135 | D:3      | Found a runed translucent door.
  3136 | D:3      | Noticed Crazy Yiuf
  3143 | D:3      | Killed Crazy Yiuf
  3247 | D:3      | Noticed Sigmund
  3254 | D:3      | Killed Sigmund
  3254 | D:3      | Reached skill level 5 in Spellcasting
  3254 | D:3      | Reached skill level 5 in Conjurations
  3254 | D:3      | Reached skill level 6 in Fire Magic
  3254 | D:3      | Reached XP level 7. HP: 25/36 MP: 10/16
  3459 | D:4      | Found a deep blue altar of Sif Muna.
  3493 | D:4      | Became a worshipper of Sif Muna the Loreminder
  3625 | D:4      | Noticed Blork the orc
  3634 | D:4      | Killed Blork the orc
  3899 | D:4      | Noticed Natasha
  3901 | D:4      | Killed Natasha
  4010 | D:4      | Noticed Natasha
  4020 | D:4      | Killed Natasha
  4292 | D:4      | Noticed Natasha
  4297 | D:4      | Killed Natasha
  4342 | D:5      | Entered Level 5 of the Dungeon
  4346 | D:5      | Found a staircase to the Ecumenical Temple.
  4369 | D:5      | Found a radiant altar of Vehumet.
  4409 | D:5      | Reached skill level 7 in Fire Magic
  4433 | D:5      | Noticed Dowan
  4434 | D:5      | Noticed Duvessa
  4457 | D:5      | Killed Duvessa
  4457 | D:5      | Reached XP level 8. HP: 28/41 MP: 5/19
  4462 | D:5      | Killed Dowan
  4467 | D:5      | Reached skill level 1 in Invocations
  4704 | D:5      | Reached * piety under Sif Muna
  5013 | D:5      | Found a glowing silver altar of Zin.
  5598 | D:6      | Found Qyssame's Armour Shop.
  5606 | D:6      | Bought the +1 robe of Zaig {Regen+} for 165 gold pieces
  5648 | D:6      | Found Nurergh's Armour Shop.
  5681 | D:6      | Noticed Menkaure
  5686 | D:6      | Killed Menkaure
  5700 | D:6      | Reached skill level 8 in Fire Magic
  5929 | D:6      | Found a sacrificial altar of Ru.
  6015 | D:6      | Found Qygeen's Weapon Shop.
  6304 | D:7      | Reached ** piety under Sif Muna
  6304 | D:7      | Reached XP level 9. HP: 34/45 MP: 21/21
  6316 | D:7      | Found a white marble altar of Elyvilon.
  6558 | D:7      | Noticed a kobold demonologist
  6563 | D:7      | Noticed a sixfirhy
  6567 | D:7      | Reached skill level 9 in Fire Magic
  6572 | D:7      | Slain by a sixfirhy

Skill      XL: |  1  2  3  4  5  6  7  8  9 |
---------------+----------------------------+-----
Conjurations   | 2 3 4 5 6 7 8 |  8.3
Fire Magic     | 4 5 6 7 8 9 |  9.0
Spellcasting   | 4 5 6 7 |  7.5
Invocations    | 3 |  3.5
Dodging        | |  2.4
Stealth        | |  2.4

Action                   |  1- 3 |  4- 6 |  7- 9 || total
-------------------------+-------+-------+-------++-------
Melee: Unarmed           |       |     5 |       ||     5
       Mace              |       |     1 |    37 ||    38
 Cast: Flame Tongue      |    68 |   108 |   165 ||   341
       Conjure Flame     |       |     1 |     1 ||     2
       Sticky Flame      |       |       |    13 ||    13
  Use: Scroll            |       |       |    14 ||    14
 Stab: Sleeping          |       |     2 |       ||     2
  Eat: Chunk             |       |     7 |     9 ||    16
       Ration            |       |       |     1 ||     1
Armor: Robe              |     4 |     9 |    23 ||    36
Dodge: Dodged            |    21 |    18 |    54 ||    93
Block: Buckler           |     2 |    11 |    34 ||    47
